 Dungeon Crawl Stone Soup version 0.21.1-1-g345015f (webtiles) character file.

128 greenice the Slasher (level 4, -9/39 HPs)
             Began as a Minotaur Fighter on Feb 21, 2018.
             Killed from afar by a jackal (48 damage)
             ... with an exploding inner flame
             ... hexed by the player character
             ... on level 3 of the Dungeon.
             The game lasted 00:02:36 (1974 turns).

greenice the Slasher (Minotaur Fighter)             Turns: 1974, Time: 00:02:36

Health: -9/39      AC:  6    Str: 21    XL:     4   Next: 86%
Magic:  3/3        EV:  7    Int:  5    God:
Gold:   130        SH:  9    Dex: 10    Spells: 3/3 levels left

rFire    . . .     SeeInvis .   a - +0 long sword
rCold    . . .     Gourm    .   c - +0 shield
rNeg     . . .     Faith    .   b - +0 scale mail
rPois    .         Spirit   .   (helmet restricted)
rElec    .         Reflect  .   (no cloak)
rCorr    .         Harm     .   (no gloves)
MR       .....                  (no boots)
Stlth    ..........             (no amulet)
HPRegen  0.13/turn              (no ring)
MPRegen  0.08/turn              (no ring)

@: no status effects
A: retaliatory headbutt, horns 2
a: no special abilities


You were on level 3 of the Dungeon.
You were hungry.

You visited 1 branch of the dungeon, and saw 3 of its levels.

You collected 130 gold pieces.

Inventory:

Hand Weapons
 a - a +0 long sword (weapon)
Armour
 b - a +0 scale mail (worn)
 c - a +0 shield (worn)
Jewellery
 k - a +1 ring of protection {unknown}
Scrolls
 g - 6 scrolls of identify {unknown}
 h - 3 scrolls of enchant weapon {unknown}
 o - 2 scrolls of amnesia {unknown}
 t - a scroll of enchant armour {unknown}
 u - a scroll of fear {unknown}
 x - a scroll of teleportation {unknown}
Potions
 d - a potion of might
 j - a potion of flight {unknown}
 l - 3 potions of brilliance {unknown}
 m - 2 potions of lignification {unknown}
 n - 2 potions of agility {unknown}
 p - 2 potions of cancellation {unknown}
 q - a potion of haste {unknown}
 s - a potion of degeneration {unknown}
 v - 2 potions of curing {unknown}
 w - a potion of invisibility {unknown}
Comestibles
 f - 3 rations


   Skills:
 - Level 3.6 Fighting
 + Level 6.2 Long Blades
 - Level 3.6 Armour
 - Level 3.6 Shields


You had 3 spell levels left.
You didn't know any spells.

Dungeon Overview and Level Annotations

Branches:
Dungeon (3/15)

Altars:

Annotations:
D:1 need dig


Innate Abilities, Weirdness & Mutations

You reflexively headbutt those who attack you in melee.
You have a pair of horns on your head.


Message History

The jackal barks!
You hear a bark!
There is a stone staircase leading up here.
As you read the scroll labeled LUARPH KEMEOBBI, it crumbles to dust.
The creatures around you are filled with an inner flame!
It was a scroll of immolation.
A jackal comes into view.
As you read the scroll labeled HOSYLUKAK, it crumbles to dust.
You smell burning hair.
It was a scroll of random uselessness.
Your shield and scale mail prevent you from hitting the jackal.
Your headbutt misses the jackal. You block the jackal's attack.
The jackal closely misses you.
You slash the jackal!
The jackal explodes!
The fiery explosion engulfs the jackal.
You kill the jackal!
The fiery explosion engulfs the jackal.
The jackal explodes!
The fiery explosion engulfs you!
Ouch! That really hurt!
You die...

#§##########
#.§§@.......
#.§§#########
#... ##. ..
.#


There were no monsters in sight!

Vanquished Creatures
  Jessica (D:2)
  4 adders (D:2)
  A worm (D:2)
  2 dart slugs
  2 leopard geckos
  10 bats
  2 giant cockroaches (D:1)
  5 goblins
  11 hobgoblins
  2 jackals (D:3)
  A quokka (D:2)
  7 frilled lizards
  4 kobolds (D:1)
  7 rats
59 creatures vanquished.

Notes
Turn   | Place    | Note
-------+----------+-------------------------------------------
     0 | D:1      | greenice the Minotaur Fighter began the quest for the Orb.
     0 | D:1      | Reached XP level 1. HP: 19/19 MP: 0/0
   238 | D:1      | Reached skill level 3 in Long Blades
   261 | D:1      | Reached XP level 2. HP: 26/26 MP: 1/1
   483 | D:1      | Reached skill level 4 in Long Blades
   540 | D:1      | Reached XP level 3. HP: 28/31 MP: 2/2
  1286 | D:2      | Reached skill level 5 in Long Blades
  1412 | D:2      | Reached XP level 4. HP: 39/39 MP: 3/3
  1722 | D:2      | Noticed Jessica
  1729 | D:2      | Killed Jessica
  1729 | D:2      | Reached skill level 6 in Long Blades
  1974 | D:3      | Killed from afar by a jackal

Skill      XL: |  1  2  3  4 |
---------------+-------------+-----
Long Blades    | 3 4 5 6 |  6.2
Fighting       | |  3.6
Armour         | |  3.6
Shields        | |  3.6

Action                   |  1- 3 |  4- 6 || total
-------------------------+-------+-------++-------
Melee: Long sword        |    98 |    30 ||   128
       Headbutt          |    18 |     9 ||    27
  Use: Scroll            |       |     2 ||     2
  Eat: Chunk             |     2 |     1 ||     3
Armor: Scale mail        |    67 |     8 ||    75
Dodge: Dodged            |    31 |    17 ||    48
Block: Shield            |    57 |    12 ||    69
       Rpst.: Long sword |     5 |     6 ||    11
